 Dungeon Crawl Stone Soup version 0.26-b1-32-g5d43845318 (webtiles) character file.

Game seed: 9786081092881857352

12014 EnegeticOcto the Cleaver (level 11, -6/102 HPs)
             Began as a Deep Dwarf Fighter on Jan 11, 2021.
             Was a Believer of Makhleb.
             Mangled by a harpy (12 damage)
             ... summoned by Kirke
             ... on level 12 of the Dungeon.
             The game lasted 00:05:04 (6423 turns).

EnegeticOcto the Cleaver (Deep Dwarf Fighter)       Turns: 6423, Time: 00:05:04

Health: -6/102     AC:  0    Str: 23    XL:     11   Next: 56%
Magic:  16/16      EV: 13    Int:  9    God:    Makhleb [**....]
Gold:   52         SH:  0    Dex: 12    Spells: 10/10 levels left

rFire    . . .     SeeInvis .   (weapon currently unavailable)
rCold    . . .     Faith    .   (shield currently unavailable)
rNeg     . . .     Spirit   .   (armour currently unavailable)
rPois    .         Reflect  .   (helmet currently unavailable)
rElec    .         Harm     .   (cloak currently unavailable)
rCorr    .         Rampage  .   (gloves currently unavailable)
Will     +....                  (boots currently unavailable)
Stlth    +.........             (no amulet)
HPRegen  0.00/turn              (ring currently unavailable)
MPRegen  0.15/turn              (ring currently unavailable)

@: pig-form, non-regenerating, slowed
A: small, damage resistance, heal wounds, sense surroundings 2, no regeneration
a: Heal Wounds, Renounce Religion, Minor Destruction


You were on level 12 of the Dungeon.
You worshipped Makhleb.
Makhleb was pleased with you.
You were a filthy swine.
You visited 2 branches of the dungeon, and saw 13 of its levels.

You collected 641 gold pieces.
You spent 589 gold pieces at shops.

Inventory:

Hand Weapons
 u - a +7 war axe of venom (melded)
Armour
 c - a +0 kite shield (melded)
 h - a +1 pair of gloves (melded)
 H - the +1 pair of boots "Heejaycu" (melded) {rPois Str+5}
   (You bought it in a shop on level 5 of the Dungeon)

   It affects your strength (+5).
   It protects you from poison.
 I - a +0 chain mail of poison resistance (melded)
Jewellery
 k - an uncursed ring of positive energy
 n - an uncursed ring of protection from cold
 x - a +4 ring of protection (melded)
 z - a +4 ring of protection (melded)
Wands
 m - a wand of paralysis (20)
 A - a wand of enslavement (10)
 C - a wand of digging (1) {@v3}
 D - a wand of disintegration (11)
 E - a wand of acid (7) {@v1}
 F - a wand of iceblast (6) {@v2}
Scrolls
 f - 6 scrolls of remove curse {@r2}
 l - 2 scrolls of teleportation {@r3}
 o - a scroll of fear
 y - 5 scrolls of identify {@r1}
 G - 2 scrolls of blinking {@r4}
Potions
 a - 2 potions of mutation {unknown}
 d - 2 potions of might {@q3}
 e - 2 potions of flight
 g - a potion of degeneration {unknown}
 i - 6 potions of curing {@q1}
 j - 2 potions of magic {unknown}
 q - 3 potions of heal wounds {unknown}
 s - a potion of invisibility {unknown}
 t - 2 potions of lignification {unknown}
 w - 2 potions of attraction {unknown}
 B - a potion of ambrosia {unknown}


   Skills:
 + Level 7.7 Fighting
 * Level 12.1 Axes
 + Level 9.3 Armour
 + Level 9.2 Shields
 + Level 7.8 Invocations


You had 10 spell levels left.
You didn't know any spells.
Your spell library was empty.

Dungeon Overview and Level Annotations

Branches:
Dungeon (12/15)            Temple (1/1) D:7            Lair (0/6) D:11
    Orc (0/2) D:11

Altars:
Ashenzari
Cheibriados
Dithmenos
Elyvilon
Fedhas
Gozag
Hepliaklqana
Kikubaaqudgha
Makhleb
Nemelex Xobeh
Okawaru
Qazlal
Ru
Sif Muna
Trog
Uskayaw
Xom
Yredelemnul
Zin
The Shining One

Shops:
D:4 *((=   D:5 [(}!(

Annotations:
D:12 Kirke


Innate Abilities, Weirdness & Mutations

You are resistant to damage.
You can heal yourself by infusing magical energy.
You passively map the area around you.
You do not regenerate.


Message History

The troll is almost dead.
You kill the troll!
Makhleb accepts your kill.
No target in view!
No target in view!
No target in view!
No target in view!
No target in view!
No target in view!
No target in view!
No target in view!
No target in view!
No target in view!
No target in view!
No target in view!
No target in view!
No target in view!
No target in view!
No target in view!
No target in view!
No target in view!
You open the door.
There is an open door here.
You open the door. 3 hogs and Kirke come into view.
Kirke shouts!
The hog squeals angrily. x2
Kirke says, "Odis was a nice man, you're awful."
There are monsters nearby!
There are monsters nearby!
There are monsters nearby!
There is an open door here.
You closely miss the hog. The hog bites you!
You closely miss Kirke. You hit the hog.
The hog is poisoned.
You block the hog's attack. Kirke hits you but does no damage.
Your chain mail prevents you from hitting the hog.
The hog is lightly wounded.
You slash Kirke!
Kirke is poisoned.
You closely miss the hog. You block the hog's attack.
The hog bites you but does no damage. Kirke hits you but does no damage.
You hit Kirke.
Kirke is lightly wounded.
You hit the hog.
The hog looks as sick as possible!
You slash the hog!
The hog is poisoned.
The hog bites you but does no damage. The hog completely misses you.
Kirke drinks a potion.
Kirke seems to speed up.
Your shield and chain mail prevent you from hitting the hog.
The hog is moderately wounded.
You hit the hog. You slash Kirke!
Kirke looks as sick as possible!
The hog barely misses you. You block the hog's attack.
Kirke points at you and mumbles some strange words.
You feel yourself slow down. The hog bites you but does no damage.
You block the hog's attack.
You slice the hog!!
You kill the hog!
Makhleb accepts your kill.
You closely miss the hog. You barely miss Kirke.
Kirke gestures at you while chanting. You resist with some effort.
The hog bites you but does no damage. The hog barely misses you.
Kirke points at you and mumbles some strange words.
You turn into a filthy swine.
Your +7 war axe of venom melds into your body.
Your +1 pair of gloves melds into your body.
The +1 pair of boots "Heejaycu" {rPois Str+5} melds into your body.
Your +0 kite shield melds into your body.
Your +0 chain mail of poison resistance melds into your body.
Your +4 ring of protection melds into your body. x2
Your +7 war axe of venom stops dripping with poison.
You no longer feel resistant to poison.
Kirke hits you! Kirke hits you.
There is an open door here.
Okay, then.
As you read the scroll of fear, it crumbles to dust.
You assume a fearsome visage.
Kirke resists with almost no effort.
The hog looks frightened! x2
Kirke casts a spell.
Kirke summons a lindwurm!
Kirke hits you. Kirke hits you!
* * * LOW HITPOINT WARNING * * *
Unknown command.
Unknown command.
As you read the scroll of fear, it crumbles to dust.
You assume a fearsome visage.
Kirke resists with almost no effort.
The lindwurm looks frightened!
Kirke casts a spell.
Kirke summons some harpies!
Kirke hits you!
* * * LOW HITPOINT WARNING * * *
You feel much better. The harpy misses you. The harpy closely misses you.
The harpy claws you!!
* * * LOW HITPOINT WARNING * * *
The harpy barely misses you. Kirke hits you!
* * * LOW HITPOINT WARNING * * *
Kirke hits you!
* * * LOW HITPOINT WARNING * * *
You fail to use your ability.
The harpy screeches!
The harpy barely misses you. The harpy claws you.
* * * LOW HITPOINT WARNING * * *
The harpy misses you.
The harpy closely misses you. x3; Kirke hits you.
The harpy claws you!
You die...

#.....# #......+ , * ,
#..<..####.+......# ,
* ,
'.....'....#......# *
#..††.######.h....# ,
,, ####'## #'# * #.#
#.### * #.## #...## *
#..## ###@H# * ##..#
######h##### * ##.#
#(.....H...# ,
######'## #..........#
*,, ,
........###..........#
* ,,
........'.#.....k....+
* ,
........#.'..........#
,
........###..........#
** , ,, ........#
#..........# * , *
###+##### #..........#
*,


You could see Kirke (fast, very poisoned), a lindwurm (summoned, fleeing) and 2
harpies.

Vanquished Creatures
  A hydra (D:11)
  Erolcha (D:11)
  A boulder beetle (D:9)
  A two-headed ogre (D:11)
  Erica (D:11)
  A cyclops (D:11)
  An ugly thing (D:11)
  A manticore (D:12)
  A centaur zombie (D:10)
  Maggie (D:9)
  2 trolls
  A shadow (D:12)
  A wyvern (D:10)
  6 yaks (D:10)
  A hog (D:12)
  4 vampire mosquitoes (D:12)
  3 wargs (D:11)
  A water moccasin (D:10)
  A soldier ant (D:10)
  3 orc warriors
  2 sky beasts
  A black bear (D:6)
  2 phantoms
  4 necrophages
  5 ogres
  2 centaurs
  4 bullfrogs
  4 scorpions
  3 killer bees (D:11)
  5 wights (D:8)
  7 howler monkeys
  A bullfrog zombie (D:10)
  2 bullfrog skeletons
  A centaur skeleton (D:10)
  2 hounds
  2 jellies (D:8)
  14 orc priests
  2 iguanas
  14 orc wizards
  5 worker ants
  2 hound skeletons (D:8)
  7 gnolls
  5 adders
  A shadow imp (D:5)
  2 white imps
  An ufetubus (D:9)
  An adder skeleton (D:10)
  An adder zombie (D:8)
  A worm (D:4)
  A dart slug (D:3)
  5 leopard geckos
  39 orcs
  2 ball pythons
  A giant cockroach (D:3)
  7 goblins
  2 hobgoblins
  6 jackals
  A quokka (D:9)
  A bat (D:2)
  A kobold (D:9)
  A quokka skeleton (D:6)
  2 rats (D:3)
205 creatures vanquished.

Notes
Turn   | Place    | Note
-------+----------+-------------------------------------------
     0 | D:1      | EnegeticOcto the Deep Dwarf Fighter began the quest for the
                  | Orb.
     0 | D:1      | Reached XP level 1. HP: 20/20 MP: 1/1
   159 | D:1      | Reached XP level 2. HP: 24/27 MP: 2/2
   516 | D:4      | Noticed a scorpion
   522 | D:4      | Killed a scorpion
   523 | D:4      | Reached skill level 3 in Axes
   523 | D:4      | Reached XP level 3. HP: 28/34 MP: 3/3
   523 | D:4      | Reached XP level 4. HP: 34/42 MP: 4/4
   526 | D:4      | Found Ruethrud's Assorted Antiques.
   534 | D:4      | Bought a scroll labelled ILUOCK COAGGOI for 21 gold pieces
   663 | D:4      | Reached skill level 4 in Axes
   663 | D:4      | Reached XP level 5. HP: 36/49 MP: 5/5
   755 | D:4      | Found Kick's Jewellery Boutique.
   857 | D:4      | Found Miekhui's Antique Weapon Boutique.
   857 | D:4      | Noticed a phantom
   924 | D:4      | Killed a phantom
   925 | D:4      | Reached XP level 6. HP: 53/57 MP: 6/6
   925 | D:4      | Found Iwnaiwkaoc's Antique Weapon Shop.
  1119 | D:5      | Entered Level 5 of the Dungeon
  1167 | D:5      | Found Piful's Distillery.
  1179 | D:5      | Reached skill level 5 in Axes
  1179 | D:5      | Found Vihy's Gadget Shoppe.
  1195 | D:5      | Found Dakiuruuq's Antique Weapon Emporium.
  1256 | D:5      | Found Jaluajy's Antique Armour Boutique.
  1503 | D:5      | Found a white marble altar of Elyvilon.
  1602 | D:5      | Found Unuor's Weapon Boutique.
  1741 | D:6      | Reached XP level 7. HP: 44/64 MP: 7/7
  1755 | D:6      | Reached skill level 5 in Armour
  1755 | D:6      | Reached skill level 5 in Shields
  1787 | D:6      | Reached skill level 6 in Axes
  1859 | D:5      | Bought a runed war axe for 110 gold pieces
  2114 | D:6      | Reached XP level 8. HP: 38/73 MP: 8/8
  2531 | D:6      | Reached skill level 7 in Axes
  2698 | D:7      | Reached skill level 5 in Fighting
  3009 | D:7      | Found a staircase to the Ecumenical Temple.
  3018 | Temple   | Entered the Ecumenical Temple
  3035 | Temple   | Became a worshipper of Makhleb the Destroyer
  3210 | D:7      | Reached skill level 8 in Axes
  3340 | D:7      | Reached skill level 1 in Invocations
  3601 | D:8      | Gained mutation: You passively map the area around you.
                  | [Deep Dwarf growth]
  3601 | D:8      | Reached XP level 9. HP: 52/80 MP: 10/10
  3666 | D:8      | Found a shimmering altar of Xom.
  3846 | D:8      | Reached * piety under Makhleb
  4222 | D:9      | Reached skill level 9 in Axes
  4235 | D:9      | Noticed a boulder beetle
  4254 | D:9      | Killed a boulder beetle
  4335 | D:9      | Noticed Maggie
  4350 | D:9      | Killed Maggie
  4410 | D:9      | Found an opulent altar of Gozag.
  4738 | D:9      | Found a glowing silver altar of Zin.
  4895 | D:10     | Entered Level 10 of the Dungeon
  4895 | D:10     | Noticed a troll
  4904 | D:10     | Killed a troll
  4905 | D:10     | Reached XP level 10. HP: 52/91 MP: 13/13
  5003 | D:10     | Reached skill level 10 in Axes
  5003 | D:10     | Reached skill level 5 in Invocations
  5185 | D:10     | Reached ** piety under Makhleb
  5490 | D:11     | Noticed a seven-headed hydra
  5508 | D:11     | Killed a 13-headed hydra
  5509 | D:11     | Reached skill level 11 in Axes
  5545 | D:11     | Found a staircase to the Lair.
  5588 | D:11     | Noticed Erica
  5596 | D:11     | Killed Erica
  5597 | D:11     | Reached XP level 11. HP: 100/100 MP: 16/16
  5748 | D:11     | Found a staircase to the Orcish Mines.
  5764 | D:11     | Noticed a two-headed ogre
  5780 | D:11     | Killed a two-headed ogre
  5795 | D:11     | Noticed Erolcha
  5806 | D:11     | Killed Erolcha
  5912 | D:11     | Noticed a brown ugly thing
  5927 | D:11     | Killed a brown ugly thing
  6084 | D:5      | Bought a pair of bloodstained boots for 256 gold pieces
  6089 | D:5      | Identified the +1 pair of boots "Heejaycu" {rPois Str+5}
                  | (You bought it in a shop on level 5 of the Dungeon)
  6089 | D:5      | Bought a shiny chain mail for 202 gold pieces
  6340 | D:12     | Reached skill level 12 in Axes
  6408 | D:12     | Noticed Kirke
  6421 | D:12     | Noticed a lindwurm
  6422 | D:12     | Noticed a harpy
  6422 | D:12     | Noticed a harpy
  6423 | D:12     | Mangled by a harpy

Illustrated notes

Levels and vault maps discovered:
D:1:      onia_arrival_mini_spirals, layout_loops_corners
D:2:      layout_loops_ring, lemuel_altar_in_water, uniq_natasha, uniq_robin
D:3:      layout_basic, gammafunk_temple_overflow_elements,
          gup_sewer_entry_bubbles, kennysheep_generic_room_8, uniq_jessica
D:4:      layout_basic, serial_shops, shop, shop, shop, nicolae_shop_stone
D:5:      layout_basic, elyvilon_altar_4, serial_shops,
          nicolae_shop_overgrown_old_shop, shop, shop, kennysheep_mini_moat,
          nicolae_shop_temple_entry_statues_fountains, corexii_hall_statues_i
D:6:      layout_basic
D:7:      layout_loops_ring, lemuel_temple_firewalk_b, serial_glass,
          glass_columns_a, glass_columns_a, chequers_serial_rivers_micro_c,
          dk_rats_in_the_wall
D:8:      layout_loops_ring, nicolae_overflow_hidden_temple
D:9:      layout_basic, pdpol_temple_overflow_zin_treasury_gozag_greed,
          corexii_checkpoint_a, uniq_maggie
D:10:     layout_irregular_city
D:11:     layout_small_grid, erik_lair_orcish_takeover, orc_0_dummy,
          uniq_erolcha, uniq_erica
D:12:     layout_roguey, uniq_kirke, uniq_jorgrun
Temple:   lightli_temple_of_artemis

Skill      XL: |  1  2  3  4  5  6  7  8  9 10 11 |
---------------+----------------------------------+-----
Fighting       | 3 4 5 6 7 |  7.7
Axes           | 3 4 5 6 8 9 11 12 | 12.1
Armour         | 4 5 6 7 8 9 |  9.3
Shields        | 4 5 6 7 8 9 |  9.2
Invocations    | 1 4 6 7 |  7.8

Action                   |  1- 3 |  4- 6 |  7- 9 | 10-12 || total
-------------------------+-------+-------+-------+-------++-------
Melee: War axe           |    53 |   172 |   270 |   215 ||   710
Invok: Minor Destruction |       |       |       |     2 ||     2
 Abil: Heal Wounds       |       |     4 |     8 |    12 ||    24
Evoke: Wand              |       |       |       |     3 ||     3
  Use: Scroll            |       |     4 |     8 |     2 ||    14
Armor: Scale mail        |    27 |    69 |    18 |       ||   114
       Chain mail        |       |       |    51 |   128 ||   179
Dodge: Dodged            |    13 |    35 |   100 |   157 ||   305
Block: Kite shield       |    25 |    75 |   124 |   166 ||   390
